 Dungeon Crawl Stone Soup version 0.25-a0-1024-gbfbf38f2cb (webtiles) character file.

Game seed: 4284585877503967543, levelgen mode: deterministic

1562 Flugslaktarn the Chopper (level 8, -3/65 HPs)
             Began as a Barachi Fighter on May 12, 2020.
             Was an Initiate of Gozag.
             Shot with an arrow by a centaur (4 damage)
             ... on level 6 of the Dungeon.
             The game lasted 00:03:09 (5253 turns).

Flugslaktarn the Chopper (Barachi Fighter)          Turns: 5253, Time: 00:03:09

Health: -3/65      AC: 11    Str: 19    XL:     8   Next: 89%
Magic:  10/10      EV:  5    Int:  9    God:    Gozag
Gold:   563        SH: 14    Dex: 12    Spells: 7/7 levels left

rFire    . . .     SeeInvis .   i - +2 hand axe (elec)
rCold    . . .     Gourm    .   c - +0 kite shield
rNeg     . . .     Faith    .   n - +0 chain mail
rPois    +         Spirit   .   j - +1 helmet
rElec    .         Reflect  .   g - -2 cloak (curse)
rCorr    .         Harm     .   (no gloves)
MR       .....     Clarity  +   (no boots)
Stlth    ..........             (no amulet)
HPRegen  0.20/turn              (no ring)
MPRegen  0.12/turn              (no ring)

@: slow
A: +LOS, swims, large bone plates 1, clarity, poison resistance, slowness 1,
strong legs 1
a: Hop, Potion Petition, Call Merchant, Bribe Branch, Renounce Religion


You were on level 6 of the Dungeon.
You worshipped Gozag.
Gozag was pleased with you.
You were very hungry.

You visited 1 branch of the dungeon, and saw 6 of its levels.

You collected 598 gold pieces.
You paid 35 gold pieces to Gozag.

Inventory:

Hand Weapons
 a - a +1 war axe
 i - a +2 hand axe of electrocution (weapon)
   (You found it on level 3 of the Dungeon)
Armour
 c - a +0 kite shield (worn)
 g - a cursed -2 cloak (worn)
   (You found it on level 2 of the Dungeon)
 j - a +1 helmet (worn)
   (You took it off Robin on level 3 of the Dungeon)
 n - a +0 chain mail (worn)
   (You found it on level 3 of the Dungeon)
Wands
 o - a wand of acid (12)
   (You found it on level 4 of the Dungeon)
Scrolls
 f - a scroll of fog
 h - 2 scrolls of noise {unknown}
 k - a scroll of enchant armour
 l - a scroll of immolation
 m - 4 scrolls of fear {unknown}
 p - a scroll of teleportation {unknown}
Potions
 b - a potion of haste {unknown}
 d - a potion of might
 q - a potion of curing
 r - a potion of invisibility {unknown}
Comestibles
 e - 7 rations


   Skills:
 + Level 6.5 Fighting
 * Level 7.5 Axes
 + Level 6.5 Armour
 + Level 6.1 Shields
 + Level 3.0 Evocations


You had 7 spell levels left.
You didn't know any spells.
Your spell library was empty.

Dungeon Overview and Level Annotations

Branches:
Dungeon (6/15)
 Temple: D:4-7

Altars:
Elyvilon
Gozag
Kikubaaqudgha
The Shining One


Innate Abilities, Weirdness & Mutations

You can be seen from farther away. (+LOS)
You can swim through water.
You cover ground slowly.
You can hop short distances.
You are partially covered in large bone plates. (SH +4)
You possess an exceptional clarity of mind.
Your system is resistant to poisons. (rPois)


Message History

You are too injured to fight recklessly!
You feel better.
The centaur shoots an arrow.
You block the arrow.
You hear a splash.
The centaur shoots an arrow.
The arrow hits you.
* * * LOW HITPOINT WARNING * * *
You hear a splash.
An orc comes into view. It is wielding a +0 mace.
The orc shouts!
The centaur shoots an arrow.
You block the arrow.
The centaur unwields a +0 shortbow.
You block the centaur's attack.
The centaur shoots an arrow.
The arrow hits you.
* * * LOW HITPOINT WARNING * * *
You hear a splash.
The centaur shoots an arrow.
The arrow hits you.
* * * LOW HITPOINT WARNING * * *
You hear a splash.
You block the centaur's attack.
The centaur shoots an arrow.
The arrow hits you.
You die...
Your body crumbles into a pile of gold.

###.#.#.$# #..# #..#
.........# #$.#####.#..#
###..###.###$..........#
#...# #..)(#$#####....#
##<.####..#.(......?.#.##
..........###(.[.........
##..#####.# #.(≈≈≈≈≈≈≈≈≈≈
#).# #.# #.≈(≈≈≈≈≈≈≈≈≈
#..# #.# #.≈≈@≈≈≈≈≈c≈≈
#..# #.#...≈≈≈c≈≈≈≈≈≈≈
##..## #.#.##≈≈≈≈≈≈≈≈≈≈≈
.[...# #.#. #≈≈≈≈c...≈≈≈
##.....##.# #≈≈≈≈≈...≈≈≈
#..##.##.# #≈≈≈c≈...≈≈≈
#..# .# #≈≈≈o≈≈≈≈≈≈≈ #...
. .≈o≈≈≈≈≈≈≈≈≈ ##.# ##
#≈≈≈≈≈≈≈≈≈≈≈


You could see 4 centaurs, an orc priest and an orc.

Vanquished Creatures
  Edmund (D:4)
  2 ogres (D:4)
  A phantom (D:5)
  2 centaurs
  4 bullfrogs (D:6)
  2 scorpions (D:4)
  2 crimson imps (D:6)
  A howler monkey (D:6)
  An orc priest (D:4)
  4 orc wizards (D:4)
  Ijyb (D:4)
  Natasha (thrice) (D:2)
  3 worker ants
  Robin (D:3)
  13 adders
  3 gnolls (D:5)
  An ooze (D:3)
  An adder zombie (D:6)
  2 adder skeletons
  6 worms
  A dart slug (D:2)
  4 leopard geckos
  7 orcs
  3 ball pythons
  14 goblins
  10 hobgoblins
  6 jackals
  5 kobolds
  4 quokkas
  10 bats
  2 frilled lizards
  4 rats
  2 rat zombies (D:4)
126 creatures vanquished.

Vanquished Creatures (others)
  2 quokkas (D:2)
2 creatures vanquished.

Grand Total: 128 creatures vanquished

Notes
Turn   | Place    | Note
-------+----------+-------------------------------------------
     0 | D:1      | Flugslaktarn the Barachi Fighter began the quest for the
                  | Orb.
     0 | D:1      | Reached XP level 1. HP: 18/18 MP: 1/1
    98 | D:1      | Reached XP level 2. HP: 17/25 MP: 2/2
   602 | D:2      | Reached skill level 3 in Axes
   602 | D:2      | Reached XP level 3. HP: 19/30 MP: 3/3
   814 | D:2      | Noticed Natasha
   825 | D:2      | Gained mutation: You are partially covered in large bone
                  | plates. (SH +4) [potion of mutation]
   825 | D:2      | Gained mutation: You possess an exceptional clarity of
                  | mind. [potion of mutation]
   825 | D:2      | Gained mutation: Your system is resistant to poisons.
                  | (rPois) [potion of mutation]
   836 | D:2      | Killed Natasha
  1005 | D:2      | Noticed Natasha
  1021 | D:2      | Killed Natasha
  1021 | D:2      | Reached XP level 4. HP: 27/37 MP: 4/4
  1105 | D:2      | Noticed Natasha
  1116 | D:2      | Killed Natasha
  1301 | D:2      | Reached XP level 5. HP: 43/43 MP: 5/5
  1405 | D:2      | Found a white marble altar of Elyvilon.
  1498 | D:2      | Reached skill level 4 in Axes
  1980 | D:2      | Found a glowing golden altar of the Shining One.
  2069 | D:3      | Noticed Robin
  2245 | D:3      | Killed Robin
  2415 | D:3      | Found a faded altar of an unknown god.
  2564 | D:3      | Noticed a centaur
  2574 | D:3      | Killed a centaur
  2574 | D:3      | Reached XP level 6. HP: 46/50 MP: 6/6
  2865 | D:3      | Found an opulent altar of Gozag.
  2881 | D:3      | Reached skill level 5 in Armour
  2886 | D:3      | Became a worshipper of Gozag Ym Sagoz the Greedy
  3335 | D:3      | Reached skill level 5 in Axes
  3578 | D:4      | Reached skill level 5 in Fighting
  3786 | D:4      | Noticed Ijyb
  3804 | D:4      | Killed Ijyb
  3804 | D:4      | Reached XP level 7. HP: 50/56 MP: 7/7
  3973 | D:4      | Reached skill level 5 in Shields
  4078 | D:4      | Reached skill level 6 in Axes
  4541 | D:4      | Noticed Edmund
  4549 | D:4      | Killed Edmund
  4549 | D:4      | Reached skill level 1 in Evocations
  4625 | D:4      | Found an ancient bone altar of Kikubaaqudgha.
  4645 | D:4      | Reached XP level 8. HP: 53/64 MP: 8/8
  4897 | D:5      | Entered Level 5 of the Dungeon
  5076 | D:5      | You fall into a shaft and drop 1 floor!
  5088 | D:6      | Reached skill level 7 in Axes
  5253 | D:6      | HP: 1/65 [centaur/arrow (5)]
  5253 | D:6      | Shot with an arrow by a centaur

Illustrated notes

Levels and vault maps discovered:
D:1:      ncdulo_lavacross, layout_rooms
D:2:      layout_basic, overflow_temple_1_default, elyvilon_altar_4,
          uniq_natasha
D:3:      layout_basic, nicolae_overflow_crystal_walls, first_ration,
          chequers_ecumenical_altar_island, uniq_robin
D:4:      layout_basic, lemuel_zombie_altar_kikubaaqudgha, uniq_ijyb,
          uniq_edmund
D:5:      layout_loops_cross, nicolae_ru_path_of_blood, minmay_joined_circles
D:6:      nicolae_whirlpool, layout_loops_ring, nicolae_overflow_hidden_temple,
          nicolae_qazlal_style_of_elements, eat_drink_and_be_merry_uskayaw,
          temple_doors_ab, roderic_lattice_a

Skill      XL: |  1  2  3  4  5  6  7  8 |
---------------+-------------------------+-----
Axes           | 3 4 5 6 7 |  7.5
Fighting       | 4 5 6 |  6.5
Armour         | 4 5 6 |  6.5
Shields        | 4 5 6 |  6.1
Evocations     | 1 3 |  3.0

Action                   |  1- 3 |  4- 6 |  7- 9 || total
-------------------------+-------+-------+-------++-------
Melee: War axe           |    67 |   138 |       ||   205
       Unarmed           |     8 |       |       ||     8
       Hand axe          |       |    91 |   144 ||   235
 Abil: Hop               |     1 |     2 |       ||     3
  Use: Scroll            |     3 |     5 |       ||     8
       Potion            |     2 |     2 |     1 ||     5
  Eat: Chunk             |     1 |     7 |       ||     8
       Ration            |       |     1 |     1 ||     2
Armor: Scale mail        |    37 |    48 |       ||    85
       Skin              |     7 |       |       ||     7
       Chain mail        |       |    27 |    54 ||    81
Dodge: Dodged            |    33 |    43 |    18 ||    94
Block: Kite shield       |    54 |   197 |    83 ||   334

Table legend:
 A = Non-vault XP
 B = Vault XP
 C = Vault XP percentage of total XP
 D = Non-vault monster count
 E = Vault monster count
 F = Vault count percentage of total count
                 A         B        C        D         E       F
            +---------+---------+-------+---------+---------+-------
      Total |    1963 |     269 |  12.1 |     110 |      16 |  12.7
            +---------+---------+-------+---------+---------+-------
        D:1 |      24 |       0 |   0.0 |      13 |       0 |   0.0
        D:2 |     169 |      37 |  18.0 |      26 |       2 |   7.1
        D:3 |     224 |      32 |  12.5 |      26 |      10 |  27.8
        D:4 |     728 |     200 |  21.6 |      29 |       4 |  12.1
        D:5 |     163 |       0 |   0.0 |       4 |       0 |   0.0
        D:6 |     655 |       0 |   0.0 |      12 |       0 |   0.0
            +---------+---------+-------+---------+---------+-------
